 Dungeon Crawl Stone Soup version 0.19.0-24-gb05acd6 (webtiles) character file.

54 Mesmaeker13 the Charmwright (level 3, 0/27 HPs)
             Began as a Demonspawn Skald on Nov 21, 2016.
             Slain by a gnoll
             ... wielding a +0 flail
              (10 damage)
             ... on level 2 of the Dungeon.
             The game lasted 00:02:12 (825 turns).

Mesmaeker13 the Charmwright (Demonspawn Skald)       Turns: 825, Time: 00:02:12

Health: 0/27       AC:  3    Str: 12    XL:     3   Next: 66%
Magic:  6/6        EV: 12    Int: 14    God:
Gold:   106        SH:  0    Dex: 12    Spells: 2 memorised, 3 levels left

rFire  . . .     SeeInvis .     j - +1 whip (venom)
rCold  . . .     Gourm    .     b - +0 leather armour
rNeg   . . .     Faith    .     (no shield)
rPois  .         Spirit   .     (no helmet)
rElec  .         Reflect  .     (no cloak)
rCorr  .         Harm     .     (no gloves)
MR     .....                    (no boots)
Stlth  +.........               (no amulet)
                                (no ring)
                                (no ring)

@: lethally poisoned (0 -> -3)
A: claws 1
a: no special abilities


You were on level 2 of the Dungeon.
You were not hungry.

You visited 1 branch of the dungeon, and saw 2 of its levels.

You collected 106 gold pieces.

Inventory:

Hand Weapons
 a - a +0 falchion
 j - a +1 whip of venom (weapon)
Armour
 b - a +0 leather armour (worn)
Scrolls
 e - 2 scrolls of identify {unknown}
 f - a scroll of magic mapping {unknown}
 g - a scroll of teleportation
 k - a scroll of blinking {unknown}
 l - a scroll of fog {unknown}
 n - a scroll of amnesia {unknown}
 o - a scroll of fear {unknown}
Potions
 h - a potion of invisibility {unknown}
 m - a potion of flight {unknown}
 p - 2 potions of agility {unknown}
Books
 c - a book of Battle

   Spells                             Type                      Level
   a - Infusion                       Charms                       1
   b - Shroud of Golubria             Charms/Translocation         2
   c - Song of Slaying                Charms                       2
   d - Spectral Weapon                Hexes/Charms                 3
   e - Regeneration                   Charms/Necromancy            3
Comestibles
 d - a bread ration
 i - 2 meat rations
 q - a chunk of flesh


   Skills:
 - Level 2.0 Fighting
 - Level 1.7 Long Blades
 - Level 0.8 Armour
 + Level 2.0 Dodging
 + Level 2.4 Spellcasting
 + Level 3.4 Charms


You had 3 spell levels left.
You knew the following spells:

 Your Spells              Type           Power        Failure   Level  Hunger
a - Infusion              Chrm           ##..         10%         1    #......
b - Song of Slaying       Chrm           ##......     12%         2    ###....


Dungeon Overview and Level Annotations

Branches:
Dungeon (2/15)

Altars:


Innate Abilities, Weirdness & Mutations

You have sharp fingernails.


Message History

You whack the adder!
The adder is poisoned.
The adder is almost dead.
You hear an angry hiss.
The adder barely misses you.
You closely miss the adder.
The adder is almost dead.
Your song has ended.
The adder bites you.
You miss the adder.
The adder is almost dead.
The adder closely misses you. The adder bites you.
You are poisoned.
The adder poisons you!
You closely miss the adder.
The adder is almost dead.
You feel sick.
You kill the adder!
Your Dodging skill increases to level 2!
You hit the gnoll but do no damage. The gnoll hits you with a flail!
You die...

.... %... .....
..... ...... # #
......###+###.#..#
.......†)...!.....
####.#g#.........
#.#@#........#
#.#.#..S.....#
#.#.#........#
#.#.#........#
#........#
#.#.#.....g..(
#........#
##†#.##........
#........#
#(.........#...
#........#
#..#)#######
##........#
#..#.#...


You could see a gnoll.

Vanquished Creatures
  A gnoll (D:2)
  An adder (D:2)
  A worm (D:2)
  A dart slug (D:1)
  2 leopard geckos (D:1)
  A giant cockroach (D:1)
  4 goblins (D:2)
  A hobgoblin (D:1)
  3 kobolds
  6 bats
  3 frilled lizards
  6 rats
30 creatures vanquished.

Notes
Turn   | Place    | Note
-------+----------+-------------------------------------------
     0 | D:1      | Mesmaeker13 the Demonspawn Skald began the quest for the Orb.
     0 | D:1      | Reached XP level 1. HP: 16/16 MP: 3/3
    56 | D:1      | Reached skill level 1 in Dodging
   290 | D:1      | Gained mutation: You have sharp fingernails. [demonic ancestry]
   290 | D:1      | Reached XP level 2. HP: 18/22 MP: 3/5
   334 | D:1      | Reached skill level 3 in Charms
   637 | D:2      | Learned a level 2 spell: Song of Slaying
   734 | D:2      | Reached XP level 3. HP: 16/27 MP: 1/6
   825 | D:2      | Slain by a gnoll

Skill      XL: |  1  2  3 |
---------------+----------+-----
Dodging        | 1 2 |  2.0
Charms         | 3 |  3.4
Fighting       | |  2.0
Long Blades    | |  1.7
Armour         | |  0.8
Spellcasting   | |  2.4

Action                   || total
-------------------------++-------
Melee: Falchion          ||    37
       Whip              ||    57
 Cast: Infusion          ||     6
       Song of Slaying   ||     1
  Use: Scroll            ||     1
Armor: Leather armour    ||    27
Dodge: Dodged            ||    67
       Rpst.: Falchion   ||    11
